 Dungeon Sprint DCSS version 0.20.0-15-g7f486f2 (webtiles) character file.

1487 Snowbourne the Imperceptible (level 8, -4/39 HPs)
             Began as a Spriggan Chaos Knight on June 27, 2017.
             Slain by a centaur warrior (18 damage)
             ... in the Dungeon (Sprint I: "Red Sonja").
             The game lasted 00:02:14 (430 turns).

Snowbourne the Imperceptible (Spriggan Chaos Knight) Turns: 430, Time: 00:02:16

Health: -4/39      AC:  4    Str:  8    XL:     8   Next: 50%
Magic:  9/9        EV: 26    Int: 13    God:    Xom [..*...]
Gold:   513        SH:  0    Dex: 18    Spells: 7/7 levels left

rFire    . . .     SeeInvis +   a - +0 short sword (chaos)
rCold    . . .     Gourm    .   (shield restricted)
rNeg     . . .     Faith    .   b - +2 robe
rPois    .         Spirit   .   (helmet restricted)
rElec    .         Reflect  .   (no cloak)
rCorr    .         Harm     .   (gloves unavailable)
MR       +....     NoTele   +   (boots unavailable)
Stlth    ++++++++..             (no amulet)
Regen    0.2/turn               (no ring)
MPRegen  0.2/turn               (no ring)

@: very quick
A: unfitting armour, see invisible, herbivore 3, speed 3, slow metabolism 2
a: Renounce Religion


You were in the Dungeon.
You worshipped Xom.
You were a toy of Xom.
You were not hungry.

You visited 1 branch You collected 513 gold pieces.

Inventory:

Hand Weapons
 a - a +0 short sword of chaos (weapon)
 d - a +0 dagger of venom
Armour
 b - a +2 robe (worn)
Wands
 k - a wand of digging (14/24)
Scrolls
 i - a scroll of blinking
Potions
 e - a potion of heal wounds
 f - a potion of haste
 g - 2 potions of magic
 h - a potion of berserk rage
 l - a potion of mutation {unknown}
 m - a potion of lignification {unknown}
Comestibles
 c - 3 bread rations
 j - a royal jelly


   Skills:
 - Level 2.4 Fighting
 + Level 7.7 Short Blades
 + Level 9.7 Dodging
 * Level 22.6 Stealth


You had 7 spell levels left.
You didn't know any spells.

Dungeon Overview and Level Annotations

Branches:
Dungeon (1/1)

Altars:
Cheibriados
Dithmenos
Elyvilon
Fedhas
Gozag
Hepliaklqana
Kikubaaqudgha
Nemelex Xobeh
Okawaru
Qazlal
Ru
Sif Muna
Trog
Uskayaw
Vehumet
Yredelemnul
Zin
The Shining One

Shops:
D ([[


Innate Abilities, Weirdness & Mutations

You are very small and have problems with some larger weapons.
You are too small for most types of armour.
You have supernaturally acute eyesight. (SInv)
You are a herbivore.
You cover ground extremely quickly.
You need consume almost no food.


Message History

You start resting.
You hear an explosion!
Found 2 potions of curing.
There is an open door here.
You see here a battleaxe.
You close the door.
You start resting.
You hear an explosion!
You hear an angry buzzing noise.
Evoke which item? (* to show all) (? for menu, Esc to quit)
Okay, then.
The centaur warrior drinks a potion.
The centaur warrior goes berserk!
There is an open door here.
You hit the centaur warrior.
The centaur warrior is moderately wounded.
The centaur warrior hits you!!
You emit a cloud of colourful smoke!
The centaur warrior hits the centaur warrior but does no damage.
The centaur warrior hits you!!
You die...
Xom laughs nastily!

################
#<.#[.'..#.)'..#
#..'..#.)'..#..'
#..#####'#####'#
#..####..#...#.####§§#
#..#__####..##%#≈§§§.#
#..#_____##'#.§'≈§§§c+
#⌠⌠#_.∩...'.Pcc#§§§§c#
####_..__##_.#@##b###
#_____###c#§#§c)(###
############.####c###.##
#∩^.......'...+.Zb..'[∩#
###++++####.).##########
##.## #'#


P.P You could see 2 centaur warriors and an active ballistomycete.

Vanquished Creatures
  Sonja (D)
  A deep troll (D)
  A yak (D)
  Sigmund (D)
  An ogre (D)
  A jelly (D)
  Ijyb (D)
7 creatures vanquished.

Vanquished Creatures (others)
  A ballistomycete (D)
  2 ballistomycete spores (D)
3 creatures vanquished.

Grand Total: 10 creatures vanquished

Notes
Turn   | Place    | Note
-------+----------+-------------------------------------------
     0 | D        | Snowbourne the Spriggan Chaos Knight began the quest for the Orb.
     0 | D        | Reached XP level 1. HP: 11/11 MP: 2/2
     2 | D        | Noticed Ijyb
     9 | D        | XOM: harmless Tmut miscast
    20 | D        | Killed Ijyb
    20 | D        | Reached skill level 8 in Stealth
    20 | D        | Reached XP level 2. HP: 5/16 MP: 3/3
    79 | D        | Noticed an ogre
    81 | D        | Killed an ogre
    81 | D        | Reached skill level 13 in Stealth
    81 | D        | Reached XP level 3. HP: 19/19 MP: 4/4
    81 | D        | Reached XP level 4. HP: 23/23 MP: 5/5
    93 | D        | Noticed Sigmund
    95 | D        | Killed Sigmund
    95 | D        | Reached skill level 17 in Stealth
    95 | D        | Reached XP level 5. HP: 27/27 MP: 6/6
   107 | D        | Found a deep blue altar of Sif Muna.
   109 | D        | Found a radiant altar of Vehumet.
   113 | D        | Reached XP level 6. HP: 32/32 MP: 7/7
   140 | D        | Found Nyruqip's Armour Emporium.
   140 | D        | Found an ancient bone altar of Kikubaaqudgha.
   140 | D        | Found a hazy altar of Hepliaklqana.
   140 | D        | Found a hide-covered altar of Uskayaw.
   140 | D        | Found a basalt altar of Yredelemnul.
   140 | D        | Found an opulent altar of Gozag.
   140 | D        | Found a snail-covered altar of Cheibriados.
   140 | D        | Found a sacrificial altar of Ru.
   140 | D        | Found a shadowy altar of Dithmenos.
   140 | D        | Noticed a yak
   141 | D        | Found a stormy altar of Qazlal.
   141 | D        | Found a blossoming altar of Fedhas.
   141 | D        | Found a bloodstained altar of Trog.
   141 | D        | Found an iron altar of Okawaru.
   141 | D        | Found a glowing golden altar of the Shining One.
   141 | D        | Found a glowing silver altar of Zin.
   141 | D        | Found a white marble altar of Elyvilon.
   142 | D        | Killed a yak
   142 | D        | Reached skill level 19 in Stealth
   143 | D        | Found a sparkling altar of Nemelex Xobeh.
   153 | D        | Noticed Sonja
   157 | D        | Killed Sonja
   157 | D        | Reached skill level 21 in Stealth
   157 | D        | Reached XP level 7. HP: 35/35 MP: 8/8
   157 | D        | Reached XP level 8. HP: 39/39 MP: 9/9
   172 | D        | Found Vesh's Antique Weapon Boutique.
   192 | D        | Noticed a deep troll
   196 | D        | Killed a deep troll
   196 | D        | Reached skill level 22 in Stealth
   206 | D        | Found Zoitunes's Armour Emporium.
   224 | D        | Noticed a centaur warrior
   224 | D        | Noticed a centaur warrior
   240 | D        | XOM: butterfly on damage
   241 | D        | XOM: harmless Tmut miscast
   430 | D        | XOM: smoke on damage
   430 | D        | Slain by a centaur warrior

Skill      XL: |  1  2  3  4  5  6  7  8 |
---------------+-------------------------+-----
Stealth        | 8 13 17 21 22 | 22.6
Short Blades   | 6 7 |  7.7
Dodging        | 8 9 |  9.7
Fighting       | |  2.4

Action                   |  1- 3 |  4- 6 |  7- 9 || total
-------------------------+-------+-------+-------++-------
Melee: Short sword       |    17 |     4 |     3 ||    24
  Use: Potion            |     1 |       |       ||     1
 Stab: Sleeping          |     2 |     4 |     1 ||     7
       Confused          |     1 |       |       ||     1
Armor: Robe              |     1 |       |       ||     1
Dodge: Dodged            |     9 |       |     3 ||    12
